 Dungeon Crawl Stone Soup version 0.16.1-18-g436b03c (webtiles) character file.

432 kethem the Cleaver (level 6, -3/51 HPs)
             Began as a Minotaur Berserker on May 12, 2015.
             Was an Elder of Trog.
             Slain by CcS's ghost (10 damage)
             ... on level 4 of the Dungeon.
             The game lasted 00:05:49 (3651 turns).

kethem the Cleaver (Minotaur Berserker)             Turns: 3651, Time: 00:05:49

Health: -3/51      AC:  2    Str: 23    XL:     6   Next: 67%
Magic:  3/3        EV: 12    Int:  4    God:    Trog [****..]
Gold:   129        SH:  0    Dex: 10    Spells: 0 memorised, 5 levels left

rFire  . . .     SeeInvis .     a - +0 hand axe
rCold  . . .     Clarity  .     u - +0 animal skin
rNeg   . . .     SustAb   .     (no shield)
rPois  .         Gourm    .     (helmet restricted)
rElec  .         Spirit   .     (no cloak)
rCorr  .         Warding  .     (no gloves)
rMut   .         Stasis   .     (no boots)
MR     .....                    (no amulet)
Stlth  +.........               (no ring)
                                (no ring)

@: not resistant to hostile enchantments, very unstealthy
A: retaliatory headbutt, horns 2
a: Burn Spellbooks, Berserk, Trog's Hand, Brothers in Arms, Renounce Religion


You were on level 4 of the Dungeon.
You worshipped Trog.
Trog was greatly pleased with you.
You were hungry.

You visited 1 branch of the dungeon, and saw 4 of its levels.

You collected 129 gold pieces.

Inventory:

Hand weapons
 a - a +0 hand axe (weapon)
 b - a +0 arbalest
Missiles
 w - 7 silver bolts
Armour
 u - a +0 animal skin (worn)
Jewellery
 p - an uncursed amulet of warding {unknown}
Magical devices
 v - a wand of slowing (30)
Scrolls
 f - a scroll of enchant weapon {unknown}
 h - 3 scrolls of remove curse {unknown}
 k - 3 scrolls of identify {unknown}
 l - a scroll of noise {unknown}
 m - a scroll of random uselessness {unknown}
 q - a scroll of enchant armour {unknown}
 r - a scroll of recharging {unknown}
 s - 2 scrolls of teleportation {unknown}
Potions
 d - 2 potions of magic {unknown}
 e - 2 potions of restore abilities {unknown}
 i - a potion of flight {unknown}
 j - a potion of invisibility {unknown}
 n - a potion of heal wounds {unknown}
 o - a potion of brilliance {unknown}
 t - a potion of curing {unknown}
Comestibles
 c - 2 bread rations
 g - a meat ration


   Skills:
 - Level 3.6 Fighting
 + Level 9.1 Axes
 - Level 2.4 Armour
 - Level 2.1 Dodging


You had 5 spell levels left.
You didn't know any spells.

Dungeon Overview and Level Annotations

Branches:
Dungeon (4/15)
 Temple: D:4-7

Altars:

Annotations:
D:4 CcS's ghost, experienced TrBe


Innate Abilities, Weirdness & Mutations

You reflexively headbutt those who attack you in melee.
You have a pair of horns on your head.


Message History

Aim: CcS's ghost (moderately damaged)
You shoot a silver bolt.
The silver bolt closely misses CcS's ghost.
Firing (i - inventory):
w - 9 silver bolts (quivered)
Press: ? - help, Shift-Dir - straight line, f/p - CcS's ghost
Aim: CcS's ghost (moderately damaged)
You shoot a silver bolt. The silver bolt hits CcS's ghost!!
CcS's ghost is severely damaged.
CcS's ghost hits you!
Firing (i - inventory):
w - 8 silver bolts (quivered)
Press: ? - help, Shift-Dir - straight line, f/p - CcS's ghost
Aim: CcS's ghost (severely damaged)
You shoot a silver bolt.
The silver bolt hits CcS's ghost but does no damage.
CcS's ghost is severely damaged.
CcS's ghost hits you! x2
* * * LOW HITPOINT WARNING * * *
a - a +0 hand axe (weapon)
CcS's ghost hits you!
You die...

. ##.#
.###............ .#
.## .# ###..........
..(. ## #..##......
... #.# #...... #.#
#.# #...... #..##
##.###......
#(.######..##.......
#W.#......##.######
...######@.......#..#
.....?.............##
...####.).#..>###'###
#.####.##≈≈.≈≈# #..
....#≈.♣.≈# .%..
####.#.♣⌠♣.# ....#
.#≈.♣.≈# ....
.#≈≈≈≈≈# ..# .#######


You could see CcS's ghost.

Vanquished Creatures
  The ghost of max the Chopper, an average MiBe of Trog (D:3)
  Sigmund (D:2)
  A hound (D:4)
  2 worker ants (D:4)
  Terence (D:3)
  8 adders
  3 worms (D:2)
  A giant mite (D:1)
  3 giant geckos
  3 orcs
  6 bats
  5 giant cockroaches
  7 hobgoblins
  7 jackals
  2 quokkas (D:2)
  3 ball pythons
  5 giant newts
  13 goblins
  9 kobolds
  6 rats
87 creatures vanquished.

Notes
Turn   | Place    | Note
--------------------------------------------------------------
     0 | D:1      | kethem, the Minotaur Berserker, began the quest for the Orb.
     0 | D:1      | Reached XP level 1. HP: 19/19 MP: 1/1
   212 | D:1      | Reached skill level 4 in Axes
   512 | D:1      | Reached XP level 2. HP: 20/26 MP: 1/1
   812 | D:2      | Reached skill level 5 in Axes
   813 | D:2      | Reached XP level 3. HP: 16/31 MP: 2/2
   909 | D:2      | Acquired Trog's second power
  1509 | D:2      | Reached skill level 6 in Axes
  1509 | D:2      | Reached XP level 4. HP: 26/39 MP: 2/2
  1851 | D:2      | Noticed Sigmund
  1861 | D:2      | Killed Sigmund
  1861 | D:2      | Reached skill level 7 in Axes
  1861 | D:2      | Reached XP level 5. HP: 26/45 MP: 2/2
  2345 | D:3      | Noticed max's ghost (average MiBe)
  2358 | D:3      | Killed max's ghost
  2358 | D:3      | Reached skill level 8 in Axes
  2358 | D:3      | Reached XP level 6. HP: 5/51 MP: 3/3
  2629 | D:3      | Noticed Terence
  2651 | D:3      | Killed Terence
  2942 | D:3      | Acquired Trog's third power
  3496 | D:4      | Reached skill level 9 in Axes
  3646 | D:4      | Noticed CcS's ghost (experienced TrBe)
  3651 | D:4      | Slain by CcS's ghost

Action                   |  1- 3 |  4- 6 || total
-------------------------+-------+-------++-------
Melee: Hand axe          |    66 |   117 ||   183
 Fire: Arbalest          |       |     4 ||     4
Invok: Berserk           |       |     3 ||     3
       Trog's Hand       |       |     2 ||     2
 Stab: Sleeping          |     2 |       ||     2
  Eat: Chunk             |     1 |     6 ||     7
       Bread ration      |       |     1 ||     1
